 Dungeon Crawl Stone Soup version 0.31-a0-204-g7da18cac08 (webtiles) character file.

Game seed: 8828214133730563161

40 qw the Shooter (level 3, -3/20 HPs)
             Began as a Deep Elf Hunter on June 27, 2023.
             Slain by Terence
             ... wielding a +0 flail
              (8 damage)
             ... on level 2 of the Dungeon.
             The game lasted 00:00:21 (1077 turns).

qw the Shooter (Deep Elf Hunter)                    Turns: 1077, Time: 00:00:22

Health: -3/20      AC:  3    Str: 10    XL:     3   Next: 30%
Magic:  5/5        EV: 12    Int: 13    God:
Gold:   74         SH:  0    Dex: 18    Spells: 2/2 levels left

rFire   . . .        Y - +0 shortbow
rCold   . . .        (shield currently unavailable)
rNeg    . . .        c - +0 leather armour
rPois   .            (no helmet)
rElec   .            (no cloak)
rCorr   .            (no gloves)
SInv    .            (no boots)
Will    .....        (no amulet)
Stlth   ++           (no ring)
HPRegen 0.23/turn    (no ring)
MPRegen 0.09/turn

%: no passive effects
@: about to teleport
A: no striking features
a: no special abilities


You were on level 2 of the Dungeon.
You visited 1 branch of the dungeon, and saw 2 of its levels.

You collected 74 gold pieces.


   Skills:
 - Level 1.5 Fighting
 + Level 6.9 Ranged Weapons
 - Level 2.4 Dodging
 - Level 1.2 Stealth


You had 2 spell levels left.
You didn't know any spells.
Your spell library was empty.

Inventory:

Hand Weapons
 Y - a +0 shortbow (weapon)
Armour
 b - a +0 scale mail
 c - a +0 leather armour (worn)
Scrolls
 f - 2 scrolls of identify
Potions
 d - a potion of resistance {unknown}
 e - a potion of lignification {unknown}
 g - a potion of heal wounds {unknown}

Dungeon Overview and Level Annotations

Branches:
Dungeon (2/15)

Altars:

Annotations:
D:2 Terence


Message History

Enter note:
Enter note: A rat comes into view.
Enter note:
Enter note: You shoot an arrow.
The arrow hits the rat.
You kill the rat!
You see here a +0 dagger.
You see here 7 stones.
Terence the Incautious comes into view.
He is wielding a +0 flail.
Terence shouts!
Terence looks scornfully at you.
Enter note:
Enter note:
Enter note:
Enter note:
Enter note: You shoot an arrow.
The arrow hits Terence but does no damage.
You shoot an arrow.
The arrow hits Terence but does no damage.
You shoot an arrow.
The arrow hits Terence but does no damage.
Terence closely misses you.
You shoot an arrow. The arrow hits Terence.
Terence is lightly wounded.
Terence hits you with a +0 flail!
Ouch! That really hurt!
You shoot an arrow.
The arrow hits Terence but does no damage.
Terence is lightly wounded.
Terence hits you but does no damage.
You shoot an arrow. The arrow closely misses Terence.
Terence says, "Don't bother to defend, it's useless."
Terence hits you with a +0 flail.
1077 ||| READING scroll of teleportation.
As you read the scroll of teleportation, it crumbles to dust.
You feel strangely unstable. Terence hits you with a +0 flail!
You die...

##... .... .... #..# ###...
....###.# ######..@...# .......@#
##### #######.## #...# #........#
###...####........# ########
#.......##..####..########.......
#.........(.............##.####
#...#...##..####..###.#.......#
##.###.###.......)###...##.##.#
#.## ##.##.###.....#######.##.##.


You could see Terence.

Vanquished Creatures
  3 dart slugs (D:1)
  2 endoplasms (D:1)
  A giant cockroach (D:1)
  4 goblins
  3 hobgoblins (D:1)
  4 jackals (D:1)
  2 ball pythons
  2 bats (D:1)
  3 frilled lizards (D:1)
  5 kobolds
  3 rats
32 creatures vanquished.

Notes
Turn   | Place    | Note
-------+----------+-------------------------------------------
     0 | D:1      | qw the Deep Elf Hunter began the quest for the Orb.
     0 | D:1      | Reached XP level 1. HP: 12/12 MP: 3/3
     0 | D:1      | 0 ||| qw: Version: 0.3-a-22-g0ed2b0b
     0 | D:1      | 0 ||| qw: Game counter: 6526
     0 | D:1      | 0 ||| qw: Melee chars always use a shield: true
     0 | D:1      | 0 ||| qw: God list: Okawaru
     0 | D:1      | 0 ||| qw: Allow faded altars: false
     0 | D:1      | 0 ||| qw: Do Orc after clearing Dungeon:15 true
     0 | D:1      | 0 ||| qw: Do second Lair branch before Depths: true
     0 | D:1      | 0 ||| qw: Lair rune preference: random
     0 | D:1      | 0 ||| qw: Goals: Normal
     0 | D:1      | 0 ||| PLANNING D:1-11
   130 | D:1      | Reached skill level 6 in Ranged Weapons
   130 | D:1      | Reached XP level 2. HP: 16/16 MP: 4/4
   232 | D:1      | 232 ||| READING scroll labelled NUXZOH XEATS.
   233 | D:1      | 233 ||| READING scroll labelled IRYUGUALUE.
   234 | D:1      | 234 ||| Stepping ~*~*~tactically~*~*~ (water).
   347 | D:1      | Found a faded altar of an unknown god.
   369 | D:1      | 369 ||| FLEEEEING.
   370 | D:1      | 370 ||| FLEEEEING.
   390 | D:1      | Reached XP level 3. HP: 20/20 MP: 5/5
   714 | D:1      | 714 ||| READING scroll labelled BUYDUE EQIKYUG.
   753 | D:1      | 753 ||| READING scroll labelled QIDUEDIHOM.
   754 | D:1      | 754 ||| DROPPING scroll of butterflies.
  1070 | D:2      | Noticed Terence
  1076 | D:2      | HP: 5/20 [Terence/+0 flail (4)]
  1077 | D:2      | 1077 ||| READING scroll of teleportation.
  1077 | D:2      | Slain by Terence

Levels and vault maps discovered:
D:1:      dpeg_arrival_radiant, layout_rooms,
          dreamdust_ecumenical_altar_hidden_monk_grotto, chequers_big_river
D:2:      layout_loops_corners, grunt_decor_resistance, uniq_terence

Skill      XL: |  1 |
---------------+----+-----
Ranged Weapons | 6 |  6.9
Fighting       | |  1.5
Dodging        | |  2.4
Stealth        | |  1.2

Action                     || total
---------------------------++-------
   Fire: Shortbow          ||    68
    Use: Scroll            ||     5
 Armour: Leather armour    ||     4
  Dodge: Dodged            ||     5

Table legend:
 A = Non-vault XP
 B = Vault XP
 C = Vault XP percentage of total XP
 D = Non-vault monster count
 E = Vault monster count
 F = Vault count percentage of total count
                 A         B        C        D         E       F
            +---------+---------+-------+---------+---------+-------
      Total |      58 |       0 |   0.0 |      32 |       0 |   0.0
            +---------+---------+-------+---------+---------+-------
        D:1 |      50 |       0 |   0.0 |      26 |       0 |   0.0
        D:2 |       8 |       0 |   0.0 |       6 |       0 |   0.0
            +---------+---------+-------+---------+---------+-------
